 Dungeon Crawl Stone Soup version 0.28.0-43-g3370ac3207 (webtiles) character file.

Game seed: 5780278455356105958

337 crimpus the Cudgeller (level 6, 0/39 HPs)
             Began as a Gargoyle Berserker on Mar 7, 2022.
             Was a Believer of Trog.
             Killed by divine providence
             ... invoked by an orc priest
              (13 damage)
             ... on level 4 of the Dungeon.
             The game lasted 00:04:23 (3432 turns).

crimpus the Cudgeller (Gargoyle Berserker)          Turns: 3432, Time: 00:04:24

Health: 0/39       AC: 18    Str: 22    XL:     6   Next: 54%
Magic:  6/6        EV:  5    Int:  8    God:    Trog [**....]
Gold:   191        SH:  6    Dex:  9    Spells: 5/5 levels left

rFire   . . .      SeeInvis .   a - +0 mace
rCold   . . .      Faith    +   o - +0 kite shield
rNeg    + . .      Spirit   .   l - +0 plate armour
rPois   ∞          Reflect  .   (no helmet)
rElec   +          Harm     .   p - +0 cloak
rCorr   .          Rampage  .   g - +0 pair of gloves
Will    ++...                   (no boots)
Stlth   ..........              n - amulet of faith
HPRegen 1.13/turn               (no ring)
MPRegen 0.10/turn               (no ring)

@: strong-willed, on berserk cooldown, attractive, flying, regenerating, slowed,
very slow
A: sickness immunity, AC +4, negative energy resistance 1, electricity
resistance, torment resistance 1, petrification resistance
a: Renounce Religion, Berserk, Trog's Hand


You were on level 4 of the Dungeon.
You worshipped Trog.
Trog was pleased with you.
You visited 1 branch of the dungeon, and saw 4 of its levels.

You collected 191 gold pieces.

Inventory:

Hand Weapons
 a - a +0 mace (weapon)
Armour
 b - a +0 animal skin
 g - a +0 pair of gloves (worn)
 l - a +0 plate armour (worn)
 o - a +0 kite shield (worn)
 p - a +0 cloak (worn)
Jewellery
 j - an amulet of the acrobat
 n - an amulet of faith (around neck)
Scrolls
 c - a scroll of fear {unknown}
 d - 2 scrolls of fog {unknown}
 e - 6 scrolls of identify {unknown}
 f - a scroll of noise {unknown}
 h - a scroll of teleportation {unknown}
 i - a scroll of amnesia {unknown}
 q - a scroll of magic mapping {unknown}
Potions
 k - a potion of attraction


   Skills:
 + Level 4.5 Fighting
 + Level 5.2 Maces & Flails
 + Level 3.3 Armour
 + Level 2.7 Dodging
 - Level 0.3 Stealth
 + Level 0.8 Shields


You had 5 spell levels left.
You didn't know any spells.
Your spell library was empty.

Dungeon Overview and Level Annotations

Branches:
Dungeon (4/15)
 Temple: D:4-7

Altars:
Zin


Innate Abilities, Weirdness & Mutations

You are immune to sickness and miasma.
Your stone body is resilient. (AC +4)
You are immune to poison.
You resist negative energy. (rN+)
You are resistant to electric shocks. (rElec)
You are resistant to unholy torment.
You are immune to petrification.


Message History

The orc priest hits you but does no damage. x2
The orc priest calls down the wrath of Beogh upon you.
Beogh smites you!
* * * LOW HITPOINT WARNING * * *
You hit the orc priest.
The orc priest is lightly wounded.
The orc priest begins to cast a cantrip, but forgets the words!
The orc priest hits you with a +0 dagger.
* * * LOW HITPOINT WARNING * * *
You hit the orc priest.
The orc priest is moderately wounded.
The orc priest hits you but does no damage. x2
It was a potion of attraction.
You feel attractive to monsters. You block the orc priest's attack.
It was a potion of flight.
You feel very buoyant.
You fly up into the air.
The orc priest hits you with a +0 dagger.
* * * LOW HITPOINT WARNING * * *
The orc priest hits you but does no damage.
Your skin crawls.
You feel strong-willed.
The orc priest hits you but does no damage.
You hit the orc priest.
The orc priest is heavily wounded.
The orc priest hits you but does no damage. x2
You hit the orc priest but do no damage.
The orc priest is heavily wounded.
The orc priest hits you but does no damage.
You block the orc priest's attack.
You hit the orc priest.
The orc priest is severely wounded.
The orc priest hits you but does no damage. x2
You hit the orc priest.
The orc priest is almost dead.
You block the orc priest's attack.
The orc priest mumbles some strange prayers to Beogh against you.
Beogh smites you!
You die...

..................
#<...###........ #....
#...##### #....##(..# ..##
#........## .... ##....<..#
...#.. #....)..# ..#### .#
#.......## ##..# ...#
#..)@....# #...# #.....###
#..o)....## #..#
........###.........####..#
.........#............#...#
#.........................##
#...............####........###
...............##
#####......### ......##.......#
#........# .....##....#...##
#...##....


You could see an orc priest.

Vanquished Creatures
  A steam dragon (D:4)
  A black bear (D:4)
  A hound (D:2)
  3 adders
  2 worms
  A dart slug (D:2)
  4 orcs (D:4)
  4 bats
  6 endoplasms
  5 goblins
  5 hobgoblins
  9 kobolds
  A quokka (D:4)
  6 ball pythons
  6 frilled lizards
  5 rats
60 creatures vanquished.

Notes
Turn   | Place    | Note
-------+----------+-------------------------------------------
     0 | D:1      | crimpus the Gargoyle Berserker began the quest for the Orb.
     0 | D:1      | Reached XP level 1. HP: 14/14 MP: 1/1
   215 | D:1      | Found a faded altar of an unknown god.
   311 | D:1      | Reached XP level 2. HP: 14/19 MP: 2/2
   968 | D:2      | Reached XP level 3. HP: 24/24 MP: 3/3
   979 | D:2      | Reached XP level 4. HP: 29/29 MP: 4/4
  1005 | D:2      | Reached skill level 4 in Maces & Flails
  1393 | D:2      | Reached ** piety under Trog
  1873 | D:3      | Found a glowing silver altar of Zin.
  2752 | D:4      | Reached XP level 5. HP: 33/33 MP: 5/5
  2770 | D:4      | Noticed a black bear
  2778 | D:4      | Killed a black bear
  2872 | D:4      | Noticed a steam dragon
  2891 | D:4      | Killed a steam dragon
  2892 | D:4      | Reached skill level 5 in Maces & Flails
  2892 | D:4      | Reached XP level 6. HP: 39/39 MP: 6/6
  3432 | D:4      | Killed from afar by an orc priest

Illustrated notes

Levels and vault maps discovered:
D:1:      wander_arrival_abandoned_jail, layout_basic,
          hellmonk_ecumenical_altar_crossroads
D:2:      minmay_alternating_diamond, layout_rooms,
          hangedman_abyss_or_decor_stabs, eino_tiny_chamber, minmay_nonomino_d4
D:3:      layout_basic, mainiacjoe_overflow_brackets, minmay_bisected
D:4:      layout_layer_cave, minivault_4

Skill      XL: |  1  2  3  4  5 |
---------------+----------------+-----
Dodging        | 2 |  2.7
Fighting       | 4 |  4.5
Maces & Flails | 4 5 |  5.2
Armour         | 3 |  3.3
Stealth        | |  0.3
Shields        | |  0.8

Action                   |  1- 3 |  4- 6 || total
-------------------------+-------+-------++-------
Melee: Mace              |    70 |   140 ||   210
       Punch             |     1 |     2 ||     3
Invok: Berserk           |     1 |     2 ||     3
       Trog's Hand       |       |     1 ||     1
  Use: Potion            |     1 |     2 ||     3
Armor: Animal skin       |    54 |    10 ||    64
       Plate armour      |       |   121 ||   121
Dodge: Dodged            |    66 |    62 ||   128
Block: Kite shield       |       |    33 ||    33
